 Dungeon Crawl Stone Soup version 0.28.0-1-gb440e238dd (webtiles) character file.

Game seed: 11164863638766267392

39 a3don the Shield-Bearer (level 3, -1/33 HPs)
             Began as a Minotaur Fighter on Feb 21, 2022.
             Slain by Terence (10 damage)
             ... on level 2 of the Dungeon.
             The game lasted 00:01:11 (998 turns).

a3don the Shield-Bearer (Minotaur Fighter)           Turns: 998, Time: 00:01:11

Health: -1/33      AC:  7    Str: 22    XL:     3   Next: 26%
Magic:  2/2        EV:  9    Int:  5    God:
Gold:   47         SH:  5    Dex: 15    Spells: 2/2 levels left

rFire   + . .      SeeInvis .   a - +0 war axe
rCold   . . .      Faith    .   c - +0 buckler
rNeg    . . .      Spirit   .   b - +0 scale mail
rPois   .          Reflect  .   (helmet restricted)
rElec   .          Harm     .   (no cloak)
rCorr   .          Rampage  .   (no gloves)
Will    .....                   (no boots)
Stlth   ..........              (no amulet)
HPRegen 0.11/turn               k - ring of protection from fire
MPRegen 0.08/turn               m - +6 ring of dexterity

@: no status effects
A: horns 2, retaliatory headbutt
a: no special abilities


You were on level 2 of the Dungeon.
You visited 1 branch of the dungeon, and saw 2 of its levels.

You collected 47 gold pieces.

Inventory:

Hand Weapons
 a - a +0 war axe (weapon)
Missiles
 j - 4 poisoned darts (quivered)
Armour
 b - a +0 scale mail (worn)
 c - a +0 buckler (worn)
Magical Staves
 l - a staff of poison
Jewellery
 k - a ring of protection from fire (left hand)
 m - a +6 ring of dexterity (right hand)
Scrolls
 f - 4 scrolls of teleportation {unknown}
 g - a scroll of magic mapping {unknown}
 h - a scroll of fog {unknown}
 i - 2 scrolls of identify {unknown}
Potions
 d - a potion of might
 e - 2 potions of heal wounds {unknown}


   Skills:
 + Level 4.1 Fighting
 + Level 3.0 Axes
 + Level 4.1 Armour
 + Level 4.1 Shields


You had 2 spell levels left.
You didn't know any spells.
Your spell library was empty.

Dungeon Overview and Level Annotations

Branches:
Dungeon (2/15)

Altars:

Annotations:
D:2 Terence


Innate Abilities, Weirdness & Mutations

You have a pair of horns on your head.
You reflexively headbutt those who attack you in melee.


Message History

Terence is moderately wounded.
You block Terence's attack. Terence hits you but does no damage.
You barely miss Terence.
Terence is moderately wounded.
You block Terence's attack.
You closely miss Terence.
Terence is moderately wounded.
Terence closely misses you. You furiously retaliate!
You headbutt Terence, but do no damage. Terence closely misses you.
You barely miss Terence.
Terence is moderately wounded.
Terence barely misses you.
You hit Terence.
Terence is heavily wounded.
Terence barely misses you.
You hit Terence but do no damage.
Terence is heavily wounded.
Terence hits you with a +4 flail of protection!
Terence hits you but does no damage.
You hit Terence but do no damage.
Terence is heavily wounded.
Terence hits you with a +4 flail of protection.
You are too injured to fight recklessly!
You are too injured to fight recklessly!
You are too injured to fight recklessly!
You are too injured to fight recklessly!
You are too injured to fight recklessly!
You barely miss Terence.
Terence is heavily wounded.
Terence barely misses you.
Terence hits you with a +4 flail of protection.
You hit Terence but do no damage.
Terence is heavily wounded.
Terence hits you with a +4 flail of protection.
* * * LOW HITPOINT WARNING * * *
You hit Terence but do no damage.
Terence is heavily wounded.
Terence closely misses you.
Terence hits you with a +4 flail of protection!
You die...

###.##.#..... #......
......##....###
#.............. .
#.............. ..# #
#.............. ....#.
#.............. ....#
#..............
...##.@####.............
.......@................
##.###.#.##.......#.....
......#......##.....
#....................
..............(###....
#..#...#........###..#.
#8..###.................
### #.....#.####.##...
...####.# #......


You could see Terence.

Vanquished Creatures
  2 dart slugs
  A bat (D:1)
  4 endoplasms
  2 giant cockroaches (D:1)
  4 goblins
  2 hobgoblins (D:1)
  2 jackals (D:1)
  3 kobolds
  4 quokkas
  A frilled lizard (D:1)
  4 rats
29 creatures vanquished.

Notes
Turn   | Place    | Note
-------+----------+-------------------------------------------
     0 | D:1      | a3don the Minotaur Fighter began the quest for the Orb.
     0 | D:1      | Reached XP level 1. HP: 19/19 MP: 0/0
   109 | D:1      | Reached XP level 2. HP: 27/27 MP: 1/1
   711 | D:2      | Reached XP level 3. HP: 30/33 MP: 2/2
   986 | D:2      | Noticed Terence
   998 | D:2      | Slain by Terence

Illustrated notes

Levels and vault maps discovered:
D:1:      dpeg_arrival_boxes_within_box, layout_basic,
          chequers_serial_rivers_micro_a, minmay_splitting_lines,
          minmay_misc_feat_room, chequers_serial_rivers_small_3, corner_web_ring
D:2:      layout_rooms, shapermc_ecumenical_altar_mp_vishouse, grunt_decor_cap,
          uniq_terence

Skill      XL: |  1  2 |
---------------+-------+-----
Fighting       | 4 |  4.1
Armour         | 4 |  4.1
Shields        | 4 |  4.1
Axes           | 3 |  3.0

Action                   || total
-------------------------++-------
Melee: War axe           ||    70
       Headbutt          ||    14
Armor: Scale mail        ||    27
Dodge: Dodged            ||    30
Block: Buckler           ||    14
